 Dungeon Crawl Stone Soup version 0.12.2-14-g7c90c79 (webtiles) character file.

175 MarVin the Covered (level 4, -2/36 HPs)
             Began as a Demonspawn Fighter on Aug 5, 2013.
             Slain by an orc
             ... wielding a +0,+1 orcish trident
              (5 damage)
             ... on Level 3 of the Dungeon.
             The game lasted 00:05:55 (2070 turns).

MarVin the Covered (Demonspawn Fighter)             Turns: 2070, Time: 00:05:55

HP  -2/36        AC  6     Str 17      XL: 4   Next: 62%
MP   3/3         EV  5     Int 10      God:
Gold 64          SH 18     Dex 12      Spells:  0 memorised,  3 levels left

Res.Fire  : . . .   See Invis. : .   a - +0 hand axe {=f}
Res.Cold  : . . .   Warding    : .   b - +0 scale mail
Life Prot.: . . .   Conserve   : .   c - +0 shield
Res.Poison: .       Res.Corr.  : .   (no helmet)
Res.Elec. : .       Clarity    : .   (no cloak)
Sust.Abil.: . .     Spirit.Shd : .   (no gloves)
Res.Mut.  : .       Stasis     : .   (no boots)
Res.Rott. : .       Ctrl.Telep.: .   (no amulet)
Saprovore : . . .   Flight     : .   (no ring)
                                     (no ring)

@: slightly resistant to hostile enchantments, extremely unstealthy
A: hooves 2
a: no special abilities


You were on level 3 of the Dungeon.
You were not hungry.

You visited 1 branch of the dungeon, and saw 3 of its levels.

You collected 44 gold pieces.

Inventory:

Hand weapons
 a - a +0,+0 hand axe (weapon) {=f}
Armour
 b - a +0 scale mail (worn)
 c - a +0 shield (worn)
Comestibles
 d - a bread ration
 i - a cheese
 j - a pear
Scrolls
 e - a scroll of amnesia {unknown}
 f - a scroll of enchant armour {unknown}
 g - a scroll of fog {unknown}
 k - 2 scrolls of identify {unknown}
 l - a scroll of noise {unknown}
 m - 2 scrolls of teleportation {unknown}
 n - 2 scrolls of curse armour {unknown}
 s - a scroll of remove curse {unknown}
 u - a scroll of enchant weapon I {unknown}
 v - a scroll of enchant weapon II {unknown}
Jewellery
 p - an uncursed ring of sustain abilities {unknown}
Potions
 h - 2 potions of curing
 o - a potion of magic {unknown}
 q - a potion of poison {unknown}
 r - a potion of might {unknown}
 t - a potion of heal wounds {unknown}


   Skills:
 + Level 3.4 Fighting
 + Level 2.3 Axes
 + Level 3.6 Armour
 + Level 1.1 Dodging
 + Level 3.1 Shields
 + Level 0.3 Traps


You had 3 spell levels left.
You didn't know any spells.

Dungeon Overview and Level Annotations

Branches:
Dungeon (3/27)

Altars:
Xom


Innate Abilities, Weirdness & Mutations

You have hoof-like feet.


Message History

It hits you.
* * * LOW HITPOINT WARNING * * *
You hear some strange, mumbled words.
You are confused.
Drink which item? (? for menu, Esc to quit)
You feel better.
It was a potion of curing.
The orc closely misses you. It hits you but does no damage.
You barely miss it. The orc hits you but does no damage.
It hits you but does no damage.
You closely miss it. You kick it.
The orc hits you from afar with an orcish trident.
* * * LOW HITPOINT WARNING * * *
It hits you but does no damage.
You closely miss it. The orc hits you but does no damage.
You hear some strange, mumbled words.
The puff of flame misses you. It hits you.
* * * LOW HITPOINT WARNING * * *
You miss it. Your kick misses it.
The orc hits you from afar with an orcish trident.
You die...

.....#[..............#
.....#...............###
.#..........##.........#
.#...........+.........#
.#.......##.##.........##
##.....#.##..............
##.....#.#####.#'###+#.##
##.....#.#####.#.#
##.....#.......#@#
...............#.#
................o#
............#.....
...................
...#................
...#........^......#+
...#...............#
...#...............#


You could see an orc.

Vanquished Creatures
  The ghost of MarVin the Insei, a weakling DsMo (D:3)
  2 adders
  2 giant geckos (D:2)
  An orc (D:3)
  2 ball pythons
  5 bats
  6 goblins
  7 hobgoblins
  4 jackals (D:2)
  8 kobolds
  3 giant newts (D:2)
  8 rats
49 creatures vanquished.

Notes
Turn   | Place    | Note
--------------------------------------------------------------
     0 | D:1      | MarVin, the Demonspawn Fighter, began the quest for the Orb.
     0 | D:1      | Reached XP level 1. HP: 18/18 MP: 0/0
   344 | D:1      | Gained mutation: You have large cloven feet. [demonic ancestry]
   344 | D:1      | Reached XP level 2. HP: 18/24 MP: 1/1
  1219 | D:2      | Gained mutation: You have hoof-like feet. [demonic ancestry]
  1219 | D:2      | Reached XP level 3. HP: 30/30 MP: 2/2
  1797 | D:3      | Noticed MarVin's ghost (weakling DsMo)
  1807 | D:3      | Killed MarVin's ghost
  1807 | D:3      | Reached XP level 4. HP: 21/36 MP: 3/3
  1942 | D:3      | Reached skill level 1 in Dodging
  1970 | D:3      | Found a shimmering altar of Xom.
  2070 | D:3      | Slain by an orc

Action                   |  1- 3 |  4- 6 || total
-------------------------+-------+-------++-------
Melee: Hand axe          |   133 |    28 ||   161
  Use: Potion            |       |     1 ||     1
